Wild vs Ducks

Created - February 10, 2016 at 18:12

Goals
1 2 3 OT1 T
Wild 2 0 1 0 3
Ducks 1 2 0 1 4
Shots
1 2 3 OT1 T
Wild 13 10 7 0 30
Ducks 10 12 9 1 32

1st period

1. Wild , Patrik Berglund 7 (Michael Stone, Erik Cole) at 8:57
2. Wild , Patrik Berglund 8 (Mark Streit) at 12:29
3. Ducks , Wayne Simmonds 25 (Dave Bolland) at 16:20

Penalties :
Brandon Dubinsky (ANA) for Hooking (Minor) at 5:44, Dennis Seidenberg (ANA) for Roughing (Minor) at 13:38, Scott Hartnell (MIN) for Hooking (Minor) at 13:38

2nd period

4. Ducks , Boone Jenner 21 (Brandon Dubinsky) at 2:19 (PP)
5. Ducks , Matt Hendricks 4 (Jay Bouwmeester, Dennis Seidenberg) at 13:02 (SH)

Penalties :
Michael Stone (MIN) for Hooking (Minor) at 1:16, Dave Bolland (ANA) for Holding (Minor) at 8:46, Jarome Iginla (ANA) for Hooking (Minor) at 12:15, Boone Jenner (ANA) for Hooking (Minor) at 16:55, Boone Jenner (ANA) for Tripping (Minor) at 18:55

3rd period

6. Wild , Zach Redmond 5 (Rene Bourque, Barret Jackman) at 1:10

Penalties :
Zach Redmond (MIN) for Tripping (Minor) at 15:46

Overtime #1

7. Ducks , Wayne Simmonds 26 (Boone Jenner, Willie Mitchell) at 0:30

Penalties :
No Penalty

Goalie Stats

Darcy Kuemper (MIN), 28 saves from 32 shots - (0.875), OTL, 1-6-1, 60:31 minutes
Kari Lehtonen (ANA), 27 saves from 30 shots - (0.900), W, 19-21-7, 60:31 minutes

Players Stats for Wild

Player Name              G  A  P  +/- PIM S  H  SB GA TA FO     MP     PP MP  PK MP  
------------------------------------------------------------------------------------
Alex Biega               0  0  0   0  0   0  0  0  0  0  0/0     4:10   0:00   0:00 
Barret Jackman           0  1  1   0  0   0  2  0  0  0  0/0    11:33   0:00   0:08 
Dennis Wideman           0  0  0   1  0   1  6  2  0  0  0/0    24:31   5:08   1:43 
Dustin Brown             0  0  0   2  0   3  1  0  0  0  0/0    20:24   4:22   0:28 
Erik Cole                0  1  1   2  0   3  1  0  0  0  15/21  15:06   0:00   0:00 
Fedor Tyutin             0  0  0   0  0   1  2  2  0  0  0/0    20:25   4:47   1:19 
Jack Hillen              0  0  0   0  0   0  0  0  0  0  0/0     0:31   0:00   0:00 
Jason Pominville         0  0  0  -2  0   3  0  0  0  0  3/4    23:47   5:33   0:28 
Jason Spezza             0  0  0  -2  0   4  0  0  0  0  19/32  26:12   5:33   1:41 
Mark Streit              0  1  1   1  0   1  1  1  0  0  0/0    24:00   5:08   1:43 
Michael Ryder            0  0  0   1  0   2  1  1  0  0  2/6    16:20   0:00   2:09 
Michael Stone            0  1  1   0  2   0  1  1  0  0  0/0    20:16   4:47   1:11 
Patrik Berglund          2  0  2   2  0   5  1  0  0  0  1/3    19:49   4:22   0:18 
R.J. Umberger            0  0  0   1  0   2  2  0  0  0  5/21   18:03   4:22   0:53 
Rene Bourque             0  1  1   1  0   2  0  0  0  0  0/1    13:02   0:00   0:00 
Scott Hannan             0  0  0   0  0   0  0  0  0  0  0/0     4:10   0:00   0:00 
Scott Hartnell           0  0  0  -2  2   2  5  0  0  0  0/1    23:17   5:33   0:07 
Zach Redmond             1  0  1   0  2   1  0  0  0  0  0/0    11:24   0:00   0:00 

Players Stats for Ducks

Player Name              G  A  P  +/- PIM S  H  SB GA TA FO     MP     PP MP  PK MP  
------------------------------------------------------------------------------------
Alec Martinez            0  0  0   0  0   0  1  1  0  0  0/0    17:45   1:27   0:12 
Anton Lander             0  0  0   1  0   0  0  0  0  0  1/1     8:37   0:42   0:00 
Boone Jenner             1  1  2  -1  4   5  3  0  0  0  1/4    19:04   1:14   0:00 
Brandon Dubinsky         0  1  1  -2  2   4  2  0  0  0  13/24  17:09   2:09   0:08 
Curtis Glencross         0  0  0  -2  0   2  1  0  0  0  1/3    15:11   1:06   0:00 
Dave Bolland             0  1  1   2  2   1  0  0  0  0  9/13   10:51   0:42   1:15 
Dennis Seidenberg        0  1  1   0  2   0  3  3  0  0  0/0    19:05   0:00   4:56 
Jarome Iginla            0  0  0  -2  2   3  0  0  0  0  1/1    15:25   1:03   0:00 
Jay Bouwmeester          0  1  1   0  0   2  0  0  0  0  0/0    22:15   1:27   4:56 
John Klingberg           0  0  0  -1  0   0  0  1  0  0  0/0    18:22   1:35   0:00 
Jordan Staal             0  0  0  -1  0   3  1  0  0  0  9/19   16:08   0:00   0:00 
Mark Scheifele           0  0  0   0  0   3  0  0  0  0  2/3    16:08   0:11   1:56 
Matt Hendricks           1  0  1   1  0   2  1  0  0  0  0/1     9:26   0:11   3:19 
Paul Gaustad             0  0  0   0  0   1  0  0  0  0  6/15   12:32   0:00   6:36 
Roman Polak              0  0  0   0  0   0  3  0  0  0  0/0    19:54   0:00   4:59 
Wayne Simmonds           2  0  2   0  0   4  1  0  0  0  0/3    16:57   1:48   0:00 
Willie Mitchell          0  1  1  -1  0   0  4  2  0  0  0/0    22:05   0:00   4:47 
Yannick Weber            0  0  0   0  0   2  0  0  0  0  1/2    13:10   1:35   6:36 

3 Stars

1 - Patrik Berglund (MIN)
2 - Wayne Simmonds (ANA)
3 - Matt Hendricks (ANA)

Power Play

Wild - 0 on 5 Attempt(s) - 0.00%
Ducks - 1 on 2 Attempt(s) - 50.00%

Penalty Kill

Wild - 1 on 2 Attempt(s) - 50.00% - Score 0 goal in Penalty Kill
Ducks - 5 on 5 Attempt(s) - 100.00% - Score 1 goal in Penalty Kill

Team Stat

Wild - Hits : 23 - Faceoff Wins : 45 - Blocked Shots : 7 - Penalty Minutes : 6
Ducks - Hits : 20 - Faceoff Wins : 44 - Blocked Shots : 7 - Penalty Minutes : 12

Official

Referees : Chris Rooney and Marc Joannette
Linesman : Steve Barton and Vaughan Rody

Game Notes

Anton Lander is injured at 11:44 of 2nd period (Sports Hernia)
Dave Bolland is injured at 17:30 of 2nd period (Sprained Right Knee)

Finance

Level 1 -- Attendance: 5715 (87.92%) -- Ticket Income $628,650
Level 2 -- Attendance: 5000 (100.00%) -- Ticket Income $375,000
Level 3 -- Attendance: 2600 (100.00%) -- Ticket Income $145,600
Level 4 -- Attendance: 2074 (100.00%) -- Ticket Income $82,960
Luxury Box -- Attendance: 1000 (100.00%) -- Ticket Income $199,000
Game was played at the Honda Center.
Total Attendance: 16389 (95.43%)
Total Ticket Income: $1,431,210
Other Income: $214,682
Total Income: $1,645,892

% Time on Ice - Wild

Lines # - Real PCT - Wanted PCT - Time Play
Normal Forward
1 - 38% - 40% - 17:07
2 - 34% - 30% - 15:06
3 - 29% - 20% - 12:51
4 - 0% - 10% - 0:00
Normal Defense
1 - 37% - 40% - 16:30
2 - 29% - 30% - 12:59
3 - 25% - 20% - 11:25
4 - 9% - 10% - 4:10
PP Forward
1 - 56% - 60% - 5:33
2 - 44% - 40% - 4:22
PP Defense
1 - 52% - 60% - 5:08
2 - 48% - 40% - 4:47
PK Forward
1 - 85% - 60% - 2:34
2 - 15% - 40% - 0:28
PK Defense
1 - 57% - 60% - 1:43
2 - 43% - 40% - 1:19
PK3 Forward
1 - 0% - 60%
2 - 0% - 40%
PK3 Defense
1 - 0% - 60%
2 - 0% - 40%
44 Forward
1 - 67% - 60% - 1:20
2 - 33% - 40% - 0:39
44 Defense
1 - 33% - 60% - 0:39
2 - 67% - 40% - 1:20
Last Minute Offensive  - 0:00
Last Minute Defensive  - 0:00
Total
Forward - 60:00
Defense - 60:00

% Time on Ice - Ducks

Lines # - Real PCT - Wanted PCT - Time Play
Normal Forward
1 - 29% - 31% - 13:12
2 - 29% - 31% - 13:03
3 - 31% - 31% - 13:50
4 - 11% - 7% - 4:59
Normal Defense
1 - 35% - 36% - 15:59
2 - 31% - 33% - 14:10
3 - 33% - 31% - 14:55
4 - 0% - 0% - 0:00
PP Forward
1 - 35% - 58% - 1:03
2 - 65% - 42% - 1:59
PP Defense
1 - 52% - 59% - 1:35
2 - 48% - 41% - 1:27
PK Forward
1 - 67% - 58% - 6:36
2 - 33% - 42% - 3:19
PK Defense
1 - 50% - 59% - 4:59
2 - 50% - 41% - 4:56
PK3 Forward
1 - 0% - 52%
2 - 0% - 48%
PK3 Defense
1 - 0% - 59%
2 - 0% - 41%
44 Forward
1 - 40% - 56% - 0:48
2 - 60% - 44% - 1:11
44 Defense
1 - 40% - 52% - 0:48
2 - 60% - 48% - 1:11
Last Minute Offensive  - 0:00
Last Minute Defensive  - 0:00
Total
Forward - 60:00
Defense - 60:00

Play by Play

1st period


0:01 of 1st period - Jarome Iginla wins face-off versus Jason Spezza in neutral zone.
0:05 of 1st period - Curtis Glencross is hit by Dennis Wideman and loses puck.
0:38 of 1st period - Shot by Jason Spezza.
0:38 of 1st period - Shot Blocked by John Klingberg.
0:40 of 1st period - Shot by Mark Streit.
0:40 of 1st period - Stopped by Kari Lehtonen without a rebound.
0:41 of 1st period - Erik Cole wins face-off versus Jordan Staal in Ducks zone.
0:44 of 1st period - Shot by Patrik Berglund.
0:44 of 1st period - Deflect By Erik Cole.
0:44 of 1st period - Shot Misses the Net.
0:46 of 1st period - Shot by Fedor Tyutin.
0:46 of 1st period - Shot Misses the Net.
0:50 of 1st period - Shot by Erik Cole.
0:50 of 1st period - Stopped by Kari Lehtonen without a rebound.
0:51 of 1st period - Anton Lander wins face-off versus R.J. Umberger in Ducks zone.
0:51 of 1st period - Anton Lander is hit by R.J. Umberger.
1:36 of 1st period - Wayne Simmonds is hit by Barret Jackman and loses puck.
1:47 of 1st period - Shot by Jordan Staal.
1:47 of 1st period - Stopped by Darcy Kuemper without a rebound.
1:48 of 1st period - Erik Cole wins face-off versus Jordan Staal in Wild zone.
2:30 of 1st period - Shot by Boone Jenner.
2:30 of 1st period - Shot Misses the Net.
3:03 of 1st period - Off-side.
3:04 of 1st period - Jason Pominville wins face-off versus Brandon Dubinsky in neutral zone.
3:42 of 1st period - Shot by Jarome Iginla.
3:42 of 1st period - Stopped by Darcy Kuemper without a rebound.
3:43 of 1st period - Dave Bolland wins face-off versus R.J. Umberger in Wild zone.
4:01 of 1st period - Wayne Simmonds is hit by Dennis Wideman and loses puck.
4:40 of 1st period - Shot by Erik Cole.
4:40 of 1st period - Shot Misses the Net.
4:42 of 1st period - Shot by Erik Cole.
4:42 of 1st period - Deflect By Patrik Berglund.
4:42 of 1st period - Stopped by Kari Lehtonen with a rebound.
4:53 of 1st period - Zach Redmond is hit by Willie Mitchell and loses puck.
5:10 of 1st period - Icing by John Klingberg.
5:11 of 1st period - Dave Bolland wins face-off versus Jason Spezza in Ducks zone.
5:11 of 1st period - Dave Bolland is hit by Scott Hartnell.
5:34 of 1st period - Shot by Boone Jenner.
5:34 of 1st period - Stopped by Darcy Kuemper without a rebound.
5:35 of 1st period - Brandon Dubinsky wins face-off versus R.J. Umberger in Wild zone.
5:44 of 1st period - Minor Penalty to Brandon Dubinsky for Hooking.
5:45 of 1st period - Jason Spezza wins face-off versus Yannick Weber in Ducks zone.
7:10 of 1st period - Shot by Michael Stone.
7:10 of 1st period - Shot Misses the Net.
7:12 of 1st period - Shot by R.J. Umberger.
7:12 of 1st period - Shot Misses the Net.
7:14 of 1st period - Shot by R.J. Umberger.
7:14 of 1st period - Stopped by Kari Lehtonen without a rebound.
7:15 of 1st period - Dave Bolland wins face-off versus Jason Spezza in Ducks zone.
7:46 of 1st period - Icing by Dennis Wideman.
7:47 of 1st period - Boone Jenner wins face-off versus R.J. Umberger in Wild zone.
7:58 of 1st period - Mark Scheifele is hit by R.J. Umberger and loses puck.
8:09 of 1st period - Shot by Michael Ryder.
8:09 of 1st period - Shot Misses the Net.
8:11 of 1st period - Shot by Rene Bourque.
8:11 of 1st period - Stopped by Kari Lehtonen without a rebound.
8:12 of 1st period - Erik Cole wins face-off versus Brandon Dubinsky in Ducks zone.
8:16 of 1st period - Icing by Dennis Seidenberg.
8:17 of 1st period - Brandon Dubinsky wins face-off versus Erik Cole in Ducks zone.
8:57 of 1st period - Shot by Patrik Berglund.
8:57 of 1st period - Goal by Patrik Berglund - Wild : 1 - Ducks : 0.
8:58 of 1st period - Jordan Staal wins face-off versus Jason Spezza in neutral zone.
9:03 of 1st period - Shot by Boone Jenner.
9:03 of 1st period - Shot Misses the Net.
9:05 of 1st period - Shot by Roman Polak.
9:05 of 1st period - Shot Misses the Net.
9:07 of 1st period - Shot by Mark Scheifele.
9:07 of 1st period - Stopped by Darcy Kuemper without a rebound.
9:08 of 1st period - Jason Spezza wins face-off versus Jordan Staal in Wild zone.
9:37 of 1st period - Shot by Boone Jenner.
9:37 of 1st period - Shot Blocked by Mark Streit.
9:45 of 1st period - Shot by Mark Scheifele.
9:45 of 1st period - Stopped by Darcy Kuemper without a rebound.
9:46 of 1st period - Brandon Dubinsky wins face-off versus Erik Cole in Wild zone.
10:10 of 1st period - Shot by Brandon Dubinsky.
10:10 of 1st period - Shot Misses the Net.
10:12 of 1st period - Shot by Brandon Dubinsky.
10:12 of 1st period - Shot Blocked by Fedor Tyutin.
10:54 of 1st period - Shot by Wayne Simmonds.
10:54 of 1st period - Stopped by Darcy Kuemper without a rebound.
10:55 of 1st period - Jason Pominville wins face-off versus Jordan Staal in Wild zone.
11:19 of 1st period - Shot by Jason Spezza.
11:19 of 1st period - Stopped by Kari Lehtonen without a rebound.
11:20 of 1st period - R.J. Umberger wins face-off versus Wayne Simmonds in Ducks zone.
11:36 of 1st period - Anton Lander is hit by Dennis Wideman and loses puck.
11:55 of 1st period - Shot by Wayne Simmonds.
11:55 of 1st period - Stopped by Darcy Kuemper without a rebound.
11:56 of 1st period - Jason Spezza wins face-off versus Jordan Staal in Wild zone.
12:19 of 1st period - Shot by Jason Pominville.
12:19 of 1st period - Stopped by Kari Lehtonen with a rebound.
12:21 of 1st period - Shot by Scott Hartnell.
12:21 of 1st period - Shot Blocked by Dennis Seidenberg.
12:23 of 1st period - Shot by Scott Hartnell.
12:23 of 1st period - Stopped by Kari Lehtonen without a rebound.
12:24 of 1st period - Patrik Berglund wins face-off versus Brandon Dubinsky in Ducks zone.
12:29 of 1st period - Shot by Patrik Berglund.
12:29 of 1st period - Goal by Patrik Berglund - Wild : 2 - Ducks : 0.
12:30 of 1st period - Erik Cole wins face-off versus Brandon Dubinsky in neutral zone.
12:48 of 1st period - Jarome Iginla is hit by Mark Streit and loses puck.
13:11 of 1st period - Dennis Wideman is hit by Curtis Glencross and loses puck.
13:38 of 1st period - Minor Penalty to Dennis Seidenberg for Roughing.
13:38 of 1st period - Minor Penalty to Scott Hartnell for Hooking.
13:39 of 1st period - Brandon Dubinsky wins face-off versus Michael Ryder in Ducks zone.
13:45 of 1st period - Icing by John Klingberg.
13:46 of 1st period - Brandon Dubinsky wins face-off versus Michael Ryder in Ducks zone.
13:53 of 1st period - Shot by Brandon Dubinsky.
13:53 of 1st period - Shot Misses the Net.
13:55 of 1st period - Shot by Brandon Dubinsky.
13:55 of 1st period - Deflect By Wayne Simmonds.
13:55 of 1st period - Shot Misses the Net.
15:40 of 1st period - Shot by Patrik Berglund.
15:40 of 1st period - Shot Blocked by Willie Mitchell.
15:46 of 1st period - Shot by Erik Cole.
15:46 of 1st period - Shot Misses the Net.
15:48 of 1st period - Shot by Erik Cole.
15:48 of 1st period - Stopped by Kari Lehtonen without a rebound.
15:49 of 1st period - Erik Cole wins face-off versus Wayne Simmonds in Ducks zone.
16:08 of 1st period - Icing by John Klingberg.
16:09 of 1st period - Dave Bolland wins face-off versus Jason Spezza in Ducks zone.
16:09 of 1st period - Dave Bolland is hit by Scott Hartnell.
16:20 of 1st period - Shot by Wayne Simmonds.
16:20 of 1st period - Goal by Wayne Simmonds - Wild : 2 - Ducks : 1.
16:21 of 1st period - R.J. Umberger wins face-off versus Matt Hendricks in neutral zone.
17:00 of 1st period - Shot by Yannick Weber.
17:00 of 1st period - Stopped by Darcy Kuemper without a rebound.
17:01 of 1st period - Jordan Staal wins face-off versus Jason Spezza in Wild zone.
17:10 of 1st period - Shot by Jordan Staal.
17:10 of 1st period - Stopped by Darcy Kuemper without a rebound.
17:11 of 1st period - Curtis Glencross wins face-off versus Jason Spezza in Wild zone.
17:16 of 1st period - Shot by Brandon Dubinsky.
17:16 of 1st period - Shot Misses the Net.
18:42 of 1st period - Dennis Wideman is hit by Jordan Staal and loses puck.
19:17 of 1st period - Shot by Dustin Brown.
19:17 of 1st period - Stopped by Kari Lehtonen without a rebound.
19:18 of 1st period - R.J. Umberger wins face-off versus Paul Gaustad in Ducks zone.
19:18 of 1st period - R.J. Umberger is hit by Roman Polak.
19:22 of 1st period - Shot by Michael Ryder.
19:22 of 1st period - Stopped by Kari Lehtonen without a rebound.
19:23 of 1st period - Brandon Dubinsky wins face-off versus Rene Bourque in Ducks zone.
19:58 of 1st period - Icing by Zach Redmond.
19:59 of 1st period - Jordan Staal wins face-off versus R.J. Umberger in Wild zone.
Goals for this period are 2 for Wild vs 1 for Ducks.
Shots for this period are 13 for Wild vs 10 for Ducks.

2nd period


0:01 of 2nd period - Jason Spezza wins face-off versus Jordan Staal in neutral zone.
0:20 of 2nd period - Mark Scheifele is hit by Scott Hartnell and loses puck.
0:39 of 2nd period - Shot by Jason Spezza.
0:39 of 2nd period - Shot Blocked by Dennis Seidenberg.
0:41 of 2nd period - Shot by Jason Pominville.
0:41 of 2nd period - Stopped by Kari Lehtonen without a rebound.
0:42 of 2nd period - Dave Bolland wins face-off versus Erik Cole in Ducks zone.
0:42 of 2nd period - Dave Bolland is hit by Erik Cole.
0:56 of 2nd period - Shot by Anton Lander.
0:56 of 2nd period - Shot Blocked by Michael Stone.
0:59 of 2nd period - Dave Bolland is hit by Michael Stone.
1:02 of 2nd period - Wayne Simmonds is hit by Fedor Tyutin and loses puck.
1:05 of 2nd period - Shot by Dave Bolland.
1:05 of 2nd period - Shot Blocked by Fedor Tyutin.
1:07 of 2nd period - Shot by Wayne Simmonds.
1:07 of 2nd period - Shot Misses the Net.
1:09 of 2nd period - Shot by Dave Bolland.
1:09 of 2nd period - Stopped by Darcy Kuemper with a rebound.
1:16 of 2nd period - Minor Penalty to Michael Stone for Hooking.
1:17 of 2nd period - Brandon Dubinsky wins face-off versus Michael Ryder in Wild zone.
1:18 of 2nd period - Shot by Boone Jenner.
1:18 of 2nd period - Shot Misses the Net.
1:20 of 2nd period - Shot by Jay Bouwmeester.
1:20 of 2nd period - Shot Blocked by Dennis Wideman.
1:22 of 2nd period - Shot by Jay Bouwmeester.
1:22 of 2nd period - Stopped by Darcy Kuemper without a rebound.
1:23 of 2nd period - Jason Spezza wins face-off versus Boone Jenner in Wild zone.
1:28 of 2nd period - Mark Streit is hit by Boone Jenner and loses puck.
1:33 of 2nd period - Shot by Jarome Iginla.
1:33 of 2nd period - Shot Misses the Net.
1:35 of 2nd period - Shot by Boone Jenner.
1:35 of 2nd period - Stopped by Darcy Kuemper without a rebound.
1:36 of 2nd period - Michael Ryder wins face-off versus Dave Bolland in Wild zone.
2:15 of 2nd period - Shot by Anton Lander.
2:15 of 2nd period - Shot Misses the Net.
2:17 of 2nd period - Shot by Yannick Weber.
2:17 of 2nd period - Stopped by Darcy Kuemper without a rebound.
2:18 of 2nd period - Brandon Dubinsky wins face-off versus Jason Pominville in Wild zone.
2:19 of 2nd period - Shot by Boone Jenner.
2:19 of 2nd period - Goal by Boone Jenner - Wild : 2 - Ducks : 2.
2:20 of 2nd period - Jordan Staal wins face-off versus Erik Cole in neutral zone.
2:20 of 2nd period - Mark Scheifele is hit by Dustin Brown.
2:28 of 2nd period - Off-side.
2:29 of 2nd period - Jordan Staal wins face-off versus Erik Cole in neutral zone.
2:53 of 2nd period - Mark Streit is hit by Boone Jenner and loses puck.
3:10 of 2nd period - Shot by Boone Jenner.
3:10 of 2nd period - Stopped by Darcy Kuemper without a rebound.
3:11 of 2nd period - Dave Bolland wins face-off versus Jason Spezza in Wild zone.
3:21 of 2nd period - Jason Spezza is hit by Willie Mitchell.
4:19 of 2nd period - Shot by Michael Ryder.
4:19 of 2nd period - Stopped by Kari Lehtonen without a rebound.
4:20 of 2nd period - Erik Cole wins face-off versus Curtis Glencross in Ducks zone.
4:20 of 2nd period - Dennis Wideman is hit by Alec Martinez.
4:32 of 2nd period - Shot by Curtis Glencross.
4:32 of 2nd period - Stopped by Darcy Kuemper with a rebound.
4:38 of 2nd period - Shot by Brandon Dubinsky.
4:38 of 2nd period - Stopped by Darcy Kuemper without a rebound.
4:39 of 2nd period - Jordan Staal wins face-off versus R.J. Umberger in Wild zone.
4:54 of 2nd period - Shot by Boone Jenner.
4:54 of 2nd period - Shot Blocked by Michael Ryder.
4:56 of 2nd period - Shot by Boone Jenner.
4:56 of 2nd period - Deflect By Mark Scheifele.
4:56 of 2nd period - Shot Misses the Net.
5:09 of 2nd period - Shot by Jordan Staal.
5:09 of 2nd period - Shot Misses the Net.
5:14 of 2nd period - Mark Scheifele is hit by Barret Jackman and loses puck.
5:49 of 2nd period - Zach Redmond is hit by Roman Polak and loses puck.
7:20 of 2nd period - Scott Hartnell is hit by Dennis Seidenberg and loses puck.
7:33 of 2nd period - Shot by Jay Bouwmeester.
7:33 of 2nd period - Stopped by Darcy Kuemper without a rebound.
7:34 of 2nd period - Erik Cole wins face-off versus Jordan Staal in Wild zone.
8:11 of 2nd period - Shot by Mark Scheifele.
8:11 of 2nd period - Shot Misses the Net.
8:39 of 2nd period - Shot by Brandon Dubinsky.
8:39 of 2nd period - Stopped by Darcy Kuemper without a rebound.
8:40 of 2nd period - Jason Spezza wins face-off versus Dave Bolland in Wild zone.
8:40 of 2nd period - Dennis Wideman is hit by Wayne Simmonds and loses puck.
8:46 of 2nd period - Minor Penalty to Dave Bolland for Holding.
8:47 of 2nd period - Paul Gaustad wins face-off versus Scott Hartnell in Ducks zone.
9:01 of 2nd period - Off-side.
9:02 of 2nd period - Jason Spezza wins face-off versus Paul Gaustad in neutral zone.
9:27 of 2nd period - Shot by Jason Pominville.
9:27 of 2nd period - Stopped by Kari Lehtonen without a rebound.
9:28 of 2nd period - R.J. Umberger wins face-off versus Paul Gaustad in Ducks zone.
9:29 of 2nd period - Shot by Patrik Berglund.
9:29 of 2nd period - Deflect By Dustin Brown.
9:29 of 2nd period - Stopped by Kari Lehtonen without a rebound.
9:30 of 2nd period - Paul Gaustad wins face-off versus R.J. Umberger in Ducks zone.
10:39 of 2nd period - Roman Polak is hit by Dennis Wideman and loses puck.
11:22 of 2nd period - Icing by Scott Hannan.
11:23 of 2nd period - Jason Spezza wins face-off versus Dave Bolland in Wild zone.
11:37 of 2nd period - Icing by Willie Mitchell.
11:38 of 2nd period - Dave Bolland wins face-off versus R.J. Umberger in Ducks zone.
11:38 of 2nd period - Dave Bolland is hit by Michael Ryder.
11:43 of 2nd period - Anton Lander is hit by Dennis Wideman and loses puck.
11:44 of 2nd period - Anton Lander from Ducks is injured at 11:44 of 2nd period (Sports Hernia).
11:45 of 2nd period - Erik Cole wins face-off versus Curtis Glencross in Wild zone.
12:15 of 2nd period - Minor Penalty to Jarome Iginla for Hooking.
12:16 of 2nd period - Jason Spezza wins face-off versus Paul Gaustad in Ducks zone.
12:23 of 2nd period - Shot by Jason Spezza.
12:23 of 2nd period - Stopped by Kari Lehtonen without a rebound.
12:24 of 2nd period - Jason Pominville wins face-off versus Paul Gaustad in Ducks zone.
12:35 of 2nd period - Shot by Jason Spezza.
12:35 of 2nd period - Shot Blocked by Willie Mitchell.
12:45 of 2nd period - Shot by Jason Pominville.
12:45 of 2nd period - Deflect By Jason Spezza.
12:45 of 2nd period - Shot Misses the Net.
13:02 of 2nd period - Shot by Matt Hendricks.
13:02 of 2nd period - Goal by Matt Hendricks - Wild : 2 - Ducks : 3.
13:03 of 2nd period - Paul Gaustad wins face-off versus R.J. Umberger in neutral zone.
13:18 of 2nd period - Shot by Patrik Berglund.
13:18 of 2nd period - Deflect By R.J. Umberger.
13:18 of 2nd period - Shot Misses the Net.
13:20 of 2nd period - Shot by R.J. Umberger.
13:20 of 2nd period - Shot Blocked by Dennis Seidenberg.
13:22 of 2nd period - Shot by Patrik Berglund.
13:22 of 2nd period - Deflect By R.J. Umberger.
13:22 of 2nd period - Shot Misses the Net.
13:24 of 2nd period - Shot by Dustin Brown.
13:24 of 2nd period - Stopped by Kari Lehtonen without a rebound.
13:25 of 2nd period - Jason Spezza wins face-off versus Dave Bolland in Ducks zone.
13:30 of 2nd period - Shot by Jason Spezza.
13:30 of 2nd period - Stopped by Kari Lehtonen without a rebound.
13:31 of 2nd period - Paul Gaustad wins face-off versus Patrik Berglund in Ducks zone.
14:26 of 2nd period - Icing by Jason Pominville.
14:27 of 2nd period - Dave Bolland wins face-off versus Jason Spezza in Wild zone.
16:02 of 2nd period - Icing by Brandon Dubinsky.
16:03 of 2nd period - Erik Cole wins face-off versus Brandon Dubinsky in Ducks zone.
16:32 of 2nd period - Shot by Patrik Berglund.
16:32 of 2nd period - Stopped by Kari Lehtonen without a rebound.
16:33 of 2nd period - Jordan Staal wins face-off versus R.J. Umberger in Ducks zone.
16:44 of 2nd period - Shot by Jordan Staal.
16:44 of 2nd period - Stopped by Darcy Kuemper without a rebound.
16:45 of 2nd period - Dave Bolland wins face-off versus Jason Spezza in Wild zone.
16:55 of 2nd period - Minor Penalty to Boone Jenner for Hooking.
16:56 of 2nd period - Jason Spezza wins face-off versus Paul Gaustad in Ducks zone.
17:29 of 2nd period - Dave Bolland is hit by Scott Hartnell and loses puck.
17:30 of 2nd period - Dave Bolland from Ducks is injured at 17:30 of 2nd period (Sprained Right Knee).
17:31 of 2nd period - Paul Gaustad wins face-off versus R.J. Umberger in Ducks zone.
17:59 of 2nd period - Shot by Fedor Tyutin.
17:59 of 2nd period - Stopped by Kari Lehtonen without a rebound.
18:00 of 2nd period - Mark Scheifele wins face-off versus Jason Spezza in Ducks zone.
18:40 of 2nd period - Shot by Dennis Wideman.
18:40 of 2nd period - Shot Misses the Net.
18:42 of 2nd period - Shot by Dennis Wideman.
18:42 of 2nd period - Stopped by Kari Lehtonen with a rebound.
18:55 of 2nd period - Minor Penalty to Boone Jenner for Tripping.
18:56 of 2nd period - Mark Scheifele wins face-off versus R.J. Umberger in Ducks zone.
Goals for this period are 0 for Wild vs 2 for Ducks.
Shots for this period are 10 for Wild vs 12 for Ducks.

3rd period


0:01 of 3rd period - Jason Spezza wins face-off versus Paul Gaustad in neutral zone.
1:08 of 3rd period - Shot by Rene Bourque.
1:08 of 3rd period - Stopped by Kari Lehtonen with a rebound.
1:10 of 3rd period - Shot by Zach Redmond.
1:10 of 3rd period - Goal by Zach Redmond - Wild : 3 - Ducks : 3.
1:11 of 3rd period - Erik Cole wins face-off versus Brandon Dubinsky in neutral zone.
1:16 of 3rd period - Icing by Brandon Dubinsky.
1:17 of 3rd period - Brandon Dubinsky wins face-off versus Patrik Berglund in Ducks zone.
1:21 of 3rd period - Off-side.
1:22 of 3rd period - Erik Cole wins face-off versus Jordan Staal in neutral zone.
2:23 of 3rd period - Icing by Boone Jenner.
2:24 of 3rd period - R.J. Umberger wins face-off versus Jordan Staal in Ducks zone.
3:06 of 3rd period - Shot by Brandon Dubinsky.
3:06 of 3rd period - Deflect By Curtis Glencross.
3:06 of 3rd period - Shot Hit the Post.
3:08 of 3rd period - Shot by Brandon Dubinsky.
3:08 of 3rd period - Shot Hit the Post.
3:12 of 3rd period - Shot by Brandon Dubinsky.
3:12 of 3rd period - Stopped by Darcy Kuemper without a rebound.
3:13 of 3rd period - Jason Spezza wins face-off versus Brandon Dubinsky in Wild zone.
3:13 of 3rd period - Dennis Wideman is hit by Brandon Dubinsky and loses puck.
3:48 of 3rd period - Shot by Jason Pominville.
3:48 of 3rd period - Shot Misses the Net.
4:01 of 3rd period - Icing by Dennis Seidenberg.
4:02 of 3rd period - Erik Cole wins face-off versus Brandon Dubinsky in Ducks zone.
4:05 of 3rd period - Shot by Patrik Berglund.
4:05 of 3rd period - Stopped by Kari Lehtonen without a rebound.
4:06 of 3rd period - Erik Cole wins face-off versus Paul Gaustad in Ducks zone.
4:06 of 3rd period - Erik Cole is hit by Willie Mitchell.
4:26 of 3rd period - Matt Hendricks is hit by Fedor Tyutin and loses puck.
5:57 of 3rd period - Jason Pominville is hit by Boone Jenner and loses puck.
6:30 of 3rd period - Shot by Rene Bourque.
6:30 of 3rd period - Shot Blocked by Alec Martinez.
7:18 of 3rd period - Icing by Roman Polak.
7:19 of 3rd period - Jason Spezza wins face-off versus Mark Scheifele in Ducks zone.
7:19 of 3rd period - Jason Spezza is hit by Roman Polak.
7:38 of 3rd period - Icing by Roman Polak.
7:39 of 3rd period - Jordan Staal wins face-off versus Erik Cole in Ducks zone.
7:58 of 3rd period - Shot by Patrik Berglund.
7:58 of 3rd period - Shot Misses the Net.
9:02 of 3rd period - Shot by R.J. Umberger.
9:02 of 3rd period - Stopped by Kari Lehtonen without a rebound.
9:03 of 3rd period - Jason Spezza wins face-off versus Wayne Simmonds in Ducks zone.
9:03 of 3rd period - Jason Spezza is hit by Dennis Seidenberg.
9:07 of 3rd period - Shot by Scott Hartnell.
9:07 of 3rd period - Stopped by Kari Lehtonen without a rebound.
9:08 of 3rd period - Jason Spezza wins face-off versus Paul Gaustad in Ducks zone.
9:08 of 3rd period - Jason Spezza is hit by Dennis Seidenberg.
9:14 of 3rd period - Icing by Dennis Seidenberg.
9:15 of 3rd period - Paul Gaustad wins face-off versus Jason Spezza in Ducks zone.
9:15 of 3rd period - Paul Gaustad is hit by Scott Hartnell.
9:25 of 3rd period - Shot by Paul Gaustad.
9:25 of 3rd period - Stopped by Darcy Kuemper with a rebound.
9:27 of 3rd period - Shot by Matt Hendricks.
9:27 of 3rd period - Shot Blocked by Dennis Wideman.
9:29 of 3rd period - Shot by Dennis Seidenberg.
9:29 of 3rd period - Shot Misses the Net.
9:59 of 3rd period - Shot by Jason Spezza.
9:59 of 3rd period - Stopped by Kari Lehtonen without a rebound.
10:00 of 3rd period - Erik Cole wins face-off versus Brandon Dubinsky in Ducks zone.
10:03 of 3rd period - Shot by Erik Cole.
10:03 of 3rd period - Shot Misses the Net.
10:24 of 3rd period - Shot by Brandon Dubinsky.
10:24 of 3rd period - Stopped by Darcy Kuemper with a rebound.
10:26 of 3rd period - Shot by Jarome Iginla.
10:26 of 3rd period - Stopped by Darcy Kuemper without a rebound.
10:27 of 3rd period - Jordan Staal wins face-off versus R.J. Umberger in Wild zone.
11:08 of 3rd period - Barret Jackman is hit by Matt Hendricks and loses puck.
11:18 of 3rd period - Icing by Zach Redmond.
11:19 of 3rd period - Brandon Dubinsky wins face-off versus R.J. Umberger in Wild zone.
11:32 of 3rd period - Shot by Jarome Iginla.
11:32 of 3rd period - Stopped by Darcy Kuemper with a rebound.
11:45 of 3rd period - Icing by Roman Polak.
11:46 of 3rd period - Brandon Dubinsky wins face-off versus Jason Spezza in Ducks zone.
12:13 of 3rd period - Shot by Roman Polak.
12:13 of 3rd period - Deflect By Brandon Dubinsky.
12:13 of 3rd period - Shot Misses the Net.
12:34 of 3rd period - Icing by John Klingberg.
12:35 of 3rd period - Erik Cole wins face-off versus Boone Jenner in Ducks zone.
12:59 of 3rd period - John Klingberg is hit by Patrik Berglund and loses puck.
14:04 of 3rd period - Shot by Matt Hendricks.
14:04 of 3rd period - Stopped by Darcy Kuemper without a rebound.
14:05 of 3rd period - Jason Spezza wins face-off versus Brandon Dubinsky in Wild zone.
14:05 of 3rd period - Jason Spezza is hit by Brandon Dubinsky.
14:45 of 3rd period - Shot by Curtis Glencross.
14:45 of 3rd period - Stopped by Darcy Kuemper with a rebound.
15:32 of 3rd period - Off-side.
15:33 of 3rd period - Yannick Weber wins face-off versus R.J. Umberger in neutral zone.
15:46 of 3rd period - Minor Penalty to Zach Redmond for Tripping.
15:47 of 3rd period - Michael Ryder wins face-off versus Brandon Dubinsky in Wild zone.
16:59 of 3rd period - Icing by Jay Bouwmeester.
17:00 of 3rd period - Brandon Dubinsky wins face-off versus Michael Ryder in Ducks zone.
17:57 of 3rd period - Alex Biega is hit by Willie Mitchell and loses puck.
18:00 of 3rd period - Shot by Erik Cole.
18:00 of 3rd period - Stopped by Kari Lehtonen without a rebound.
18:01 of 3rd period - Jason Spezza wins face-off versus Jordan Staal in Ducks zone.
18:10 of 3rd period - Shot by Jason Pominville.
18:10 of 3rd period - Deflect By Scott Hartnell.
18:10 of 3rd period - Shot Misses the Net.
18:33 of 3rd period - Shot by Boone Jenner.
18:33 of 3rd period - Stopped by Darcy Kuemper with a rebound.
19:07 of 3rd period - Shot by Yannick Weber.
19:07 of 3rd period - Shot Misses the Net.
19:44 of 3rd period - Wayne Simmonds is hit by Dennis Wideman and loses puck.
19:49 of 3rd period - Shot by Mark Scheifele.
19:49 of 3rd period - Stopped by Darcy Kuemper without a rebound.
19:50 of 3rd period - Brandon Dubinsky wins face-off versus R.J. Umberger in Wild zone.
19:57 of 3rd period - Shot by Curtis Glencross.
19:57 of 3rd period - Shot Misses the Net.
Goals for this period are 1 for Wild vs 0 for Ducks.
Shots for this period are 7 for Wild vs 9 for Ducks.

Overtime #1


0:01 of 1st overtime period - Jason Spezza wins face-off versus Boone Jenner in neutral zone.
0:28 of 1st overtime period - Shot by Boone Jenner.
0:28 of 1st overtime period - Shot Misses the Net.
0:30 of 1st overtime period - Shot by Wayne Simmonds.
0:30 of 1st overtime period - Goal by Wayne Simmonds - Wild : 3 - Ducks : 4.
Goals for this period are 0 for Wild vs 1 for Ducks.
Shots for this period are 0 for Wild vs 1 for Ducks.